 Dungeon Crawl Stone Soup version 0.23.1-37-gaa34b87 (webtiles) character file.

Game seed: 9523737236294161037

91 wilfster70 the Caller (level 4, 0/30 HPs)
             Began as a Merfolk Summoner on Mar 20, 2019.
             Slain by an orc
             ... wielding a +0 flail
              (5 damage)
             ... on level 3 of the Dungeon.
             The game lasted 00:10:55 (3779 turns).

wilfster70 the Caller (Merfolk Summoner)            Turns: 3779, Time: 00:10:56

Health: 0/30       AC:  2    Str:  8    XL:     4   Next: 59%
Magic:  6/8        EV: 13    Int: 15    God:
Gold:   102        SH:  0    Dex: 14    Spells: 2/9 levels left

rFire    . . .     SeeInvis .   a - +0 dagger
rCold    . . .     Gourm    .   (no shield)
rNeg     . . .     Faith    .   f - +0 robe
rPois    .         Spirit   .   (no helmet)
rElec    .         Reflect  .   (no cloak)
rCorr    .         Harm     .   (no gloves)
MR       .....                  (no boots)
Stlth    ++........             (no amulet)
HPRegen  0.10/turn              (no ring)
MPRegen  0.11/turn              (no ring)

@: no status effects
A: change form in water, swift swim, stealthy swim
a: no special abilities


You were on level 3 of the Dungeon.
You were very hungry.

You visited 1 branch of the dungeon, and saw 3 of its levels.

You collected 102 gold pieces.

Inventory:

Hand Weapons
 a - a +0 dagger (weapon)
 b - a +0 blowgun
Missiles
 e - 18 sling bullets
 h - 83 stones (quivered)
 o - 9 poisoned needles
Armour
 f - a +0 robe (worn)
Scrolls
 g - 2 scrolls of remove curse {unknown}
 i - 2 scrolls of blinking {unknown}
 j - 3 scrolls of identify {unknown}
 l - 2 scrolls of teleportation {unknown}
 m - a scroll of enchant armour {unknown}
 p - 2 scrolls of amnesia {unknown}
Potions
 d - 2 potions of lignification {unknown}
 n - 2 potions of curing
Comestibles
 c - 5 rations
 k - 2 chunks of flesh


   Skills:
 - Level 2.6 Dodging
 - Level 2.1 Stealth
 + Level 3.3 Spellcasting
 + Level 4.9 Summonings
 + Level 0.4 Air Magic


You had 2 spell levels left.
You knew the following spells:

 Your Spells              Type           Power        Failure   Level  Hunger
a - Call Imp              Summ           ###.....     3%          2    ##.....
b - Summon Small Mammal   Summ           ###.         2%          1    #......
c - Summon Lightning Spi  Summ/Air       ##......     54%         4    #####..

Your spell library contained the following spells:

 Spells                   Type           Power        Failure   Level  Hunger
 Call Canine Familiar     Summ           ###.....     8%          3    ###....
 Summon Guardian Golem    Hex/Summ       #.......     22%         3    ###....
 Summon Ice Beast         Ice/Summ       #.......     56%         4    #####..


Dungeon Overview and Level Annotations

Branches:
Dungeon (3/15)

Altars:


Message History

The orc barely misses your crimson imp.
Casting: Call Imp (safe; 3% risk of failure)
Confirm with . or Enter, or press ? or * to list all spells.
A beastly little devil appears in a puff of flame.
The orc closely misses you.
Your crimson imp blinks!
Your crimson imp blinks!
The orc hits you with a +0 flail!
* * * LOW HITPOINT WARNING * * *
Your crimson imp barely misses the orc.
Your crimson imp barely misses the orc.
Your crimson imp blinks!
You see here a kobold corpse.
Your crimson imp blinks!
You are feeling very hungry.
Casting: Call Imp (safe; 3% risk of failure)
Confirm with . or Enter, or press ? or * to list all spells.
A beastly little devil appears in a puff of flame.
The orc hits you with a +0 flail.
You die...

...# #.........#.####.##
#######..................
................5).......
...................#####.#..
.......####'####o....(.....
.......# #.# #.#........#
.......####.# #o#........#
....)..5....# #o#.####...# #
.......###### #@#.# #...#.#
################.#.####...#.#
...............5............#
#.........######.#.######.#.#####
#..................####..........
#.........#######.....#.#.#######
####'###### #..##.#.#........ #
#.#....#######...#........#### #
#............#...#.#....#.#


You could see 3 orcs and 2 friendly crimson imps.

Vanquished Creatures
  An ooze (D:2)
  A dart slug (D:1)
  A leopard gecko (D:2)
  4 hobgoblins
  A kobold (D:2)
  2 bats (D:1)
  2 frilled lizards
  A goblin (D:2)
  3 rats
16 creatures vanquished.

Vanquished Creatures (collateral kills)
  An orc wizard (D:2)
  3 adders
  An ooze (D:1)
  3 worms (D:2)
  A dart slug (D:1)
  2 leopard geckos
  5 orcs
  2 giant cockroaches
  3 goblins (D:1)
  4 hobgoblins
  2 jackals (D:2)
  10 kobolds
  2 bats
  2 frilled lizards
  2 rats (D:1)
43 creatures vanquished.

Grand Total: 59 creatures vanquished

Notes
Turn   | Place    | Note
-------+----------+-------------------------------------------
     0 | D:1      | wilfster70 the Merfolk Summoner began the quest for the
                  | Orb.
     0 | D:1      | Reached XP level 1. HP: 13/13 MP: 3/3
   578 | D:1      | Reached XP level 2. HP: 19/19 MP: 0/5
   582 | D:1      | Learned a level 2 spell: Call Imp
  1488 | D:2      | Reached XP level 3. HP: 24/24 MP: 3/6
  2413 | D:2      | Reached XP level 4. HP: 3/30 MP: 1/8
  2857 | D:2      | Learned a level 4 spell: Summon Lightning Spire
  3745 | D:3      | HP: 1/30 [orc/+0 flail (9)]
  3779 | D:3      | Slain by an orc

Skill      XL: |  1  2  3 |
---------------+----------+-----
Spellcasting   | 3 |  3.3
Dodging        | |  2.6
Stealth        | |  2.1
Summonings     | |  4.9
Air Magic      | |  0.4

Action                   |  1- 3 |  4- 6 || total
-------------------------+-------+-------++-------
Melee: Dagger            |    76 |    32 ||   108
 Fire: Blowgun           |       |     2 ||     2
 Cast: Summon Small Mamm |    15 |       ||    15
       Call Imp          |    26 |    24 ||    50
  Use: Potion            |       |     1 ||     1
 Stab: Sleeping          |     5 |     3 ||     8
       Distracted        |     1 |     1 ||     2
  Eat: Chunk             |     6 |     5 ||    11
Armor: Robe              |    18 |    10 ||    28
Dodge: Dodged            |    73 |    42 ||   115
